 Dungeon Crawl Stone Soup version 0.23.2-40-g277498a001 (webtiles) character file.

Game seed: 15832611373483921227

6118 FishyPogo the Arsonist (level 10, -2/88 HPs)
             Began as a Naga Fire Elementalist on Aug 18, 2019.
             Was a Priest of Makhleb.
             Slain by a hornet zombie (6 damage)
             ... on level 9 of the Dungeon.
             The game lasted 00:33:56 (8353 turns).

FishyPogo the Arsonist (Naga Fire Elementalist)     Turns: 8353, Time: 00:33:57

Health: -2/88      AC:  7    Str: 10    XL:     10   Next: 89%
Magic:  5/17       EV: 13    Int: 22    God:    Makhleb [***...]
Gold:   404        SH:  0    Dex: 14    Spells: 3/18 levels left

rFire    . . .     SeeInvis +   L - +2 dire flail (protect)
rCold    . . .     Gourm    .   (shield currently unavailable)
rNeg     . . .     Faith    .   E - +1 robe {Archmagi}
rPois    +         Spirit   .   (no helmet)
rElec    .         Reflect  .   o - +1 cloak
rCorr    .         Harm     .   (no gloves)
MR       +....                  (no barding)
Stlth    ++........             i - amulet of the acrobat
HPRegen  0.24/turn              h - +2 ring of dexterity
MPRegen  0.15/turn              y - +3 ring of intelligence

@: very slow
A: large, see invisible, deformed body, poison resistance, slowness 2, slow
metabolism 1, spit poison 1, AC +3
a: Spit Poison, Minor Destruction, Lesser Servant of Makhleb, Renounce Religion


You were on level 9 of the Dungeon.
You worshipped Makhleb.
Makhleb was most pleased with you.
You were hungry.

You visited 1 branch of the dungeon, and saw 9 of its levels.
You also visited: Ossuary.

You collected 404 gold pieces.

Inventory:

Hand Weapons
 L - a +2 dire flail of protection (weapon)
Missiles
 b - 174 stones (quivered)
 v - 11 javelins
 O - 3 poisoned tomahawks
Armour
 a - a +0 robe
 e - a +0 shield
 o - a +1 cloak (worn)
 z - a +1 chain mail of cold resistance
 E - a +1 robe of the Archmagi (worn)
Jewellery
 h - a +2 ring of dexterity (left hand)
 i - an amulet of the acrobat (around neck)
 j - an uncursed ring of protection from cold
 y - a +3 ring of intelligence (right hand)
 I - a +2 ring of strength
 M - an uncursed ring of protection from cold
Wands
 D - a wand of scattershot (7)
 H - a wand of paralysis (6)
 K - a wand of polymorph (13)
 P - a wand of acid (11)
Scrolls
 d - 2 scrolls of amnesia {unknown}
 f - 2 scrolls of fear
 g - 3 scrolls of teleportation
 k - 11 scrolls of identify
 r - 2 scrolls of enchant weapon {unknown}
 s - 6 scrolls of remove curse
 w - 4 scrolls of enchant armour
 B - 2 scrolls of blinking {unknown}
 C - 3 scrolls of fog {unknown}
Potions
 l - 2 potions of degeneration {unknown}
 m - 3 potions of heal wounds
 n - a potion of agility {unknown}
 p - a potion of haste {unknown}
 q - a potion of might
 u - 5 potions of curing
 x - a potion of brilliance
 A - 2 potions of invisibility
 G - a potion of magic {unknown}
 J - a potion of ambrosia {unknown}
Comestibles
 c - 15 rations
 N - 13 chunks of flesh


   Skills:
 - Level 5.1 Fighting
 + Level 6.2 Dodging
 - Level 3.0 Stealth
 + Level 4.9 Spellcasting
 * Level 8.4 Conjurations
 * Level 9.2 Fire Magic
 + Level 3.1 Invocations


You had 3 spell levels left.
You knew the following spells:

 Your Spells              Type           Power        Failure   Level  Hunger
a - Flame Tongue          Conj/Fire      #####        1%          1    None
b - Throw Flame           Conj/Fire      ######       1%          2    None
c - Sticky Flame          Conj/Fire      ######..     2%          4    ####...
d - Conjure Flame         Conj/Fire      ######..     1%          3    ##.....
e - Fireball              Conj/Fire      ######....   8%          5    #####..

Your spell library contained the following spells:

 Spells                   Type           Power        Failure   Level  Hunger
 Inner Flame              Hex/Fire       #####...     4%          3    ##.....


Dungeon Overview and Level Annotations

Branches:
Dungeon (9/15)             Temple (0/1) D:5            Lair (0/6) D:8
    Orc: D:9-12

Altars:
Cheibriados
Dithmenos
Fedhas
Gozag
Kikubaaqudgha
Makhleb
Nemelex Xobeh
Okawaru
Qazlal
Trog
Xom
Yredelemnul
The Shining One

Shops:
D:5 [   D:8 }

Annotations:
D:8 3 runed translucent doors, NeAGen181's ghost, novice HOFi
D:9 Harold


Innate Abilities, Weirdness & Mutations

You cannot wear boots.
Your serpentine skin is tough. (AC +3)
You have supernaturally acute eyesight. (SInv)
Armour fits poorly on your strangely shaped body.
Your system is resistant to poisons. (rPois)
You cover ground very slowly.
You have a slow metabolism.
You can spit poison.


Message History

The crocodile closely misses you.
As you read the scroll of teleportation, it crumbles to dust.
You feel strangely unstable. The crocodile bites you!
* * * LOW HITPOINT WARNING * * *
It was a potion of cancellation.
You feel strangely stable.
Your magical effects are unravelling.
You feel magically purged.
You float gracefully downwards.
The sentinel's mark upon you fades away.
A hound comes into view. x2
The crocodile bites you!
* * * LOW HITPOINT WARNING * * *
The crocodile completely misses you.
A troll comes into view.
The crocodile completely misses you.
As you read the scroll of fear, it crumbles to dust.
You assume a fearsome visage.
Harold looks frightened!
The hornet zombie is unaffected.
The hound looks frightened!
The crocodile looks frightened!
The hornet zombie hits you.
You die...

..#####.### #<.##. #..... #.###.
#.# #. ##### #.. .. #########
#...# ###### ##.##....# #...#####
##### ....#....# #..Z@...# #....
.........# #..t....# #.###
#...#....# ##.......#########.###
#...#....# #.....................
....#....# #.##.....#########....
....#....###@##.....# #.###
.รท...5.....h.5.....##########.###
#............####### #...........
....#.####....# ############


You could see Harold (fleeing), a crocodile (fleeing), a hound and a hornet
zombie.

Vanquished Creatures
  Pikel (D:5)
  A troll (D:8)
  3 yaks (D:9)
  Eustachio (D:5)
  A hungry ghost (D:8)
  Edmund (D:5)
  An orc warrior (D:5)
  2 ice beasts
  Duvessa (D:4)
  2 sky beasts
  4 ogres
  2 black bears
  4 slaves
  3 wolves
  2 centaurs (D:6)
  A big kobold (D:8)
  2 elf zombies (Ossuary)
  6 bullfrogs
  2 wyvern zombies
  Dowan (D:4)
  2 scorpions
  A water moccasin zombie (D:8)
  A wyvern skeleton (D:6)
  A killer bee (D:7)
  3 howler monkeys
  6 electric eels (D:8)
  2 centaur zombies
  A crimson imp (D:8)
  2 bullfrog skeletons
  8 orc priests
  7 hounds
  5 jellies
  8 orc wizards
  Jessica (D:3)
  A human zombie (Ossuary)
  2 worker ants
  Natasha (twice) (D:3)
  A hound zombie (D:5)
  2 hound skeletons
  4 mummies
  2 howler monkey skeletons
  13 adders
  8 gnolls
  A worker ant zombie (D:6)
  2 shadow imps
  3 oozes
  An adder skeleton (D:7)
  A worm (D:3)
  2 dart slugs
  9 leopard geckos
  28 orcs
  4 bats
  6 giant cockroaches
  6 goblins
  4 hobgoblins
  7 jackals
  4 quokkas
  A ball python zombie (D:6)
  8 frilled lizards
  A goblin zombie (Ossuary)
  13 hobgoblin zombies
  4 jackal zombies
  15 kobolds
  10 kobold zombies (Ossuary)
  9 orc zombies
  A quokka skeleton (D:7)
  A quokka zombie (D:5)
  7 rats
  A rat zombie (Ossuary)
273 creatures vanquished.

Vanquished Creatures (collateral kills)
  2 yaks (D:9)
  2 orc wizards (D:9)
  A worker ant (D:9)
  An adder (D:9)
  A jackal (D:9)
7 creatures vanquished.

Vanquished Creatures (others)
  A wizard (D:3)
  A hound skeleton (D:5)
2 creatures vanquished.

Grand Total: 282 creatures vanquished

Notes
Turn   | Place    | Note
-------+----------+-------------------------------------------
     0 | D:1      | FishyPogo the Naga Fire Elementalist began the quest for
                  | the Orb.
     0 | D:1      | Reached XP level 1. HP: 15/15 MP: 3/3
   255 | D:1      | Reached XP level 2. HP: 24/24 MP: 5/5
   261 | D:1      | Reached skill level 1 in Fighting
   667 | D:1      | Reached XP level 3. HP: 22/31 MP: 2/6
   963 | D:2      | Learned a level 3 spell: Conjure Flame
  1187 | D:2      | Reached XP level 4. HP: 15/39 MP: 0/7
  1796 | D:3      | Reached XP level 5. HP: 46/46 MP: 8/8
  1819 | D:3      | Noticed Jessica
  1823 | D:3      | Killed Jessica
  1824 | D:3      | Found a bloodstained altar of Trog.
  1829 | D:3      | Noticed a wizard
  1833 | D:3      | Killed a wizard
  1996 | D:3      | Learned a level 2 spell: Throw Flame
  2043 | D:3      | Noticed Natasha
  2046 | D:3      | Killed Natasha
  2046 | D:3      | Reached XP level 6. HP: 56/56 MP: 5/10
  2060 | D:3      | Found a sparkling altar of Nemelex Xobeh.
  2093 | D:3      | Noticed Natasha
  2099 | D:3      | Killed Natasha
  2099 | D:3      | Reached skill level 4 in Fire Magic
  2408 | D:4      | Found a sand-covered staircase.
  2431 | Ossuary  | Entered an ossuary
  2597 | Ossuary  | Reached XP level 7. HP: 44/63 MP: 1/12
  3157 | D:4      | Noticed Dowan
  3165 | D:4      | Noticed Duvessa
  3317 | D:4      | Killed Duvessa
  3323 | D:4      | Killed Dowan
  3345 | D:4      | Learned a level 4 spell: Sticky Flame
  3599 | D:5      | Entered Level 5 of the Dungeon
  3663 | D:5      | Reached XP level 8. HP: 73/73 MP: 8/13
  3816 | D:5      | Found Woiwn's Antique Armour Emporium.
  3864 | D:5      | Reached skill level 5 in Fire Magic
  3913 | D:5      | Noticed Eustachio
  3932 | D:5      | Killed Eustachio
  4081 | D:5      | Noticed Pikel
  4099 | D:5      | Killed Pikel
  4099 | D:5      | Reached skill level 5 in Fighting
  4099 | D:5      | Reached skill level 6 in Fire Magic
  4118 | D:5      | Noticed Edmund
  4407 | D:5      | Reached XP level 9. HP: 51/81 MP: 10/15
  4610 | D:5      | Killed Edmund
  4610 | D:5      | Reached skill level 5 in Conjurations
  4708 | D:5      | Found a shadowy altar of Dithmenos.
  4709 | D:5      | Found an iron altar of Okawaru.
  4714 | D:5      | Found a snail-covered altar of Cheibriados.
  4714 | D:5      | Found an opulent altar of Gozag.
  4716 | D:5      | Found a burning altar of Makhleb.
  4718 | D:5      | Found a bloodstained altar of Trog.
  4719 | D:5      | Found a shimmering altar of Xom.
  4723 | D:5      | Became a worshipper of Makhleb the Destroyer
  4793 | D:5      | Found a staircase to the Ecumenical Temple.
  5273 | D:6      | Found a stormy altar of Qazlal.
  5372 | D:6      | Reached skill level 7 in Fire Magic
  5381 | D:6      | Found an ancient bone altar of Kikubaaqudgha.
  5383 | D:6      | Found a blossoming altar of Fedhas.
  5445 | D:6      | Reached skill level 5 in Dodging
  5709 | D:6      | Reached * piety under Makhleb
  6431 | D:7      | Reached skill level 8 in Fire Magic
  6475 | D:7      | Learned a level 5 spell: Fireball
  6494 | D:7      | Found a basalt altar of Yredelemnul.
  6502 | D:7      | Reached XP level 10. HP: 88/88 MP: 11/16
  6696 | D:7      | Reached ** piety under Makhleb
  6827 | D:7      | Reached skill level 1 in Invocations
  6877 | D:7      | Found a glowing golden altar of the Shining One.
  6961 | D:8      | Found a staircase to the Lair.
  7035 | D:7      | Noticed an angel
  7389 | D:8      | Found a runed translucent gate.
  7390 | D:8      | Found a runed translucent gate.
  7391 | D:8      | Found a runed translucent gate.
  7411 | D:8      | Noticed NeAGen181's ghost (novice HOFi)
  7443 | D:8      | Found a bloodstained altar of Trog.
  7705 | D:8      | Found Tiytaf's Gadget Shoppe.
  8152 | D:9      | Reached skill level 9 in Fire Magic
  8217 | D:9      | Reached *** piety under Makhleb
  8308 | D:9      | Noticed Harold
  8348 | D:9      | HP: 3/88 [crocodile (14)]
  8353 | D:9      | Slain by a hornet zombie

Skill      XL: |  1  2  3  4  5  6  7  8  9 10 |
---------------+-------------------------------+-----
Fighting       | 1 2 3 4 5 |  5.1
Dodging        | 2 3 4 5 6 |  6.2
Spellcasting   | 3 4 |  4.9
Fire Magic     | 4 6 8 9 |  9.2
Conjurations   | 2 4 7 8 |  8.4
Invocations    | 3 |  3.1
Stealth        | |  3.0

Action                   |  1- 3 |  4- 6 |  7- 9 | 10-12 || total
-------------------------+-------+-------+-------+-------++-------
Melee: Unarmed           |     1 |       |       |       ||     1
       Dagger            |    10 |    22 |       |       ||    32
       Mace              |       |    27 |    83 |       ||   110
       Dire flail        |       |       |    48 |   120 ||   168
 Cast: Flame Tongue      |    22 |    68 |   208 |   118 ||   416
       Throw Flame       |       |     7 |    29 |    43 ||    79
Invok: Lesser Servant of |       |       |       |     1 ||     1
 Abil: Spit Poison       |    33 |    31 |    44 |    21 ||   129
  Use: Scroll            |       |       |     5 |     2 ||     7
       Potion            |       |       |     3 |     2 ||     5
 Stab: Sleeping          |       |     2 |     3 |       ||     5
       Fleeing           |       |       |     1 |       ||     1
  Eat: Chunk             |     3 |     5 |    14 |     4 ||    26
       Ration            |       |       |       |     1 ||     1
Armor: Robe              |     3 |    10 |    76 |    76 ||   165
Dodge: Dodged            |    20 |    37 |   174 |   187 ||   418
